Admirals vs Monsters
(R1)
Created - April 26, 2023 at 20:05
Goals
|
| Admirals |
1 |
1 |
2 |
4 |
| Monsters |
0 |
1 |
1 |
2 |
|
Shots
|
| Admirals |
13 |
13 |
8 |
34 |
| Monsters |
10 |
16 |
18 |
44 |
|
1st period
1. Admirals , Lucas Wallmark 12 (Brett Connolly 11, Nolan Vesey 8) at 18:48
Penalties :
Josh Norris (Mil) for Interference (Minor) at 1:43, T.J Brodie (Mil) for Tripping (Minor) at 5:28, Jesse Graham (Cle) for Goalie Interference (Minor) at 16:32
2nd period
2. Monsters , Daniel Sprong 1 (Maxim Mamin 8, Collin Miller 17) at 3:01
3. Admirals , Hunter Shinkaruk 24 (Joel Armia 37, Anton Gustafsson 45) at 5:52
Penalties :
Maxim Mamin (Cle) for Hooking (Minor) at 13:47
3rd period
4. Admirals , Ian Mitchell 3 (Hunter Shinkaruk 19) at 4:50 (PP)
5. Monsters , Zac Dalpe 51 (Joakim Nordstrom 34, Ryan Fitzgerald 12) at 11:32
6. Admirals , Nolan Vesey 20 (Lucas Wallmark 23, T.J Brodie 27) at 18:20
Penalties :
Matt Grzelcyk (Cle) for Hooking (Minor) at 4:19, Austin Watson (Cle) for Tripping (Minor) at 13:18
Goalie Stats
Tristan Jarry (Mil), 42 saves from 44 shots - (0.955), W, 18-22-2, 60:00 minutes
Connor Hellebyuk (Cle), 30 saves from 34 shots - (0.882), L, 19-11-6, 60:00 minutes
Players Stats for Admirals
Player Name G A P +/- PIM S H SB GA TA FO MP PP MP PK MP
------------------------------------------------------------------------------------
Andreas Englund 0 0 0 1 0 1 3 1 0 0 0/0 24:40 4:39 2:25
Anton Gustafsson 0 1 1 1 0 2 3 0 0 2 6/15 18:32 3:43 1:27
Brett Connolly 0 1 1 1 0 1 0 1 0 0 1/1 11:51 0:00 0:00
Christian Djoos 0 0 0 0 0 0 0 0 0 0 0/0 7:57 0:08 1:33
Freddie Hamilton 0 0 0 0 0 2 2 0 0 0 0/1 8:10 0:00 0:00
Hunter Shinkaruk 1 1 2 1 0 2 1 1 0 0 0/0 16:20 2:45 0:31
Ian Mitchell 1 0 1 1 0 1 2 1 0 0 0/0 22:15 4:39 0:00
Joel Armia 0 1 1 1 0 4 3 0 1 0 1/1 16:37 3:43 0:00
Josh Norris 0 0 0 -1 2 2 2 0 0 0 15/30 19:20 2:45 0:00
Josh Wesley 0 0 0 0 0 0 0 0 0 0 0/0 6:10 0:00 0:23
Kristian Vesalainen 0 0 0 0 0 0 2 0 0 0 0/0 8:10 0:00 0:00
Lucas Wallmark 1 1 2 1 0 1 0 0 0 0 5/10 13:15 0:00 2:00
Mark McNeill 0 0 0 -1 0 6 2 1 1 0 0/0 18:34 0:00 2:00
Markus Granlund 0 0 0 -1 0 3 2 1 1 0 1/1 20:51 3:43 0:31
Mattias Backman 0 0 0 0 0 0 3 0 0 0 0/0 11:50 0:08 0:51
Nolan Vesey 1 1 2 1 0 4 1 0 0 0 0/0 10:53 0:00 0:00
Olli Juolevi 0 0 0 0 0 1 0 1 0 0 0/0 16:51 1:41 0:00
Reilly Walsh 0 0 0 0 0 1 0 1 0 0 0/0 12:10 0:00 1:28
Riley Barber 0 0 0 0 0 2 0 0 1 2 0/0 12:52 2:45 1:27
T.J Brodie 0 1 1 0 2 1 1 1 1 1 0/0 18:42 1:41 1:16
Players Stats for Monsters
Player Name G A P +/- PIM S H SB GA TA FO MP PP MP PK MP
------------------------------------------------------------------------------------
Austin Watson 0 0 0 0 2 1 2 0 1 0 1/2 18:48 2:06 0:00
Carl Grundstrom 0 0 0 -1 0 1 1 1 0 0 0/0 10:50 0:00 0:00
Collin Miller 0 1 1 1 0 5 1 1 0 1 0/0 25:50 1:58 4:10
Daniel Sprong 1 0 1 1 0 1 0 0 0 0 0/0 7:49 0:05 0:00
Dillon Heatherington 0 0 0 1 0 2 0 2 1 1 0/0 25:50 1:58 4:10
Gerald Mayhew 0 0 0 0 0 2 1 1 0 0 1/2 15:32 1:42 0:00
Jakub Vrana 0 0 0 0 0 3 5 0 0 0 0/0 18:10 1:42 2:20
Jared Knight 0 0 0 0 0 8 1 1 1 1 4/9 18:30 1:42 2:48
Jesse Graham 0 0 0 -1 2 4 0 0 1 0 0/0 20:54 2:00 2:02
Joakim Nordstrom 0 1 1 -1 0 2 2 0 0 0 0/0 11:38 0:18 0:03
Justin Bailey 0 0 0 -1 0 3 0 0 1 0 1/2 22:48 2:03 3:47
Matt Grzelcyk 0 0 0 0 2 3 2 2 0 0 0/0 20:53 2:00 2:18
Maxim Mamin 0 1 1 1 2 2 1 0 0 0 1/2 7:13 0:00 0:03
Ryan Fitzgerald 0 1 1 -1 0 1 0 0 0 0 4/13 11:27 0:00 0:09
Tarmo Reunanen 0 0 0 -2 0 1 0 0 0 2 0/0 13:16 0:00 0:00
Victor Mete 0 0 0 -2 0 1 1 1 0 0 0/0 13:32 0:00 0:16
Vladimir Tkachev 0 0 0 1 0 2 0 1 0 0 0/0 7:41 0:13 0:00
Zac Dalpe 1 0 1 -1 0 2 3 1 0 0 18/29 22:47 2:03 3:46
3 Stars
1 - Tristan Jarry (Mil)
2 - Hunter Shinkaruk (Mil)
3 - Nolan Vesey (Mil)
Power Play
Admirals - 1 on 4 Attempt(s) - 25.00%
Monsters - 0 on 2 Attempt(s) - 0.00%
Penalty Kill
Admirals - 2 on 2 Attempt(s) - 100.00%
- Score 0 goal in Penalty Kill
Monsters - 3 on 4 Attempt(s) - 75.00%
- Score 0 goal in Penalty Kill
Team Stat
Admirals - Hits : 27 - Faceoff Wins : 29 - Blocked Shots : 9 - Penalty Minutes : 4
Monsters - Hits : 20 - Faceoff Wins : 30 - Blocked Shots : 11 - Penalty Minutes : 8
Official
Referees : Gord Dwyer and Kelly Sutherland
Linesman : Devin Berg and Julien Fournier
Game Notes
18:48 of 1st period - Admirals goal is going for a video replay. After video review, Goal.
Finance
Level 1 -- Attendance: 1739 (86.95%) -- Ticket Income $60,865
Level 2 -- Attendance: 847 (84.70%) -- Ticket Income $12,705
Total Attendance: 2586 (86.20%)
Total Ticket Income: $73,570
Other Income: $3,678
Total Income: $77,248
Admirals
5 vs 5 Forward
Center Left Wing Right Wing Time % Phy DF OF
1 Josh Norris Markus Granlund Mark McNeill 40 1 2 2
2 Anton Gustafsson Hunter Shinkaruk Joel Armia 30 1 2 2
3 Lucas Wallmark Nolan Vesey Brett Connolly 20 1 2 2
4 Freddie Hamilton Kristian Vesalainen Riley Barber 10 1 2 2
5 vs 5 Defense
Defense Defense Time % Phy DF OF
1 Andreas Englund Ian Mitchell 40 1 2 2
2 T.J Brodie Olli Juolevi 30 1 2 2
3 Reilly Walsh Mattias Backman 20 1 2 2
4 Christian Djoos Josh Wesley 10 1 2 2
PowerPlay Forward
Center Left Wing Right Wing Time % Phy DF OF
1 Anton Gustafsson Markus Granlund Joel Armia 60 1 1 3
2 Josh Norris Hunter Shinkaruk Riley Barber 40 1 1 3
PowerPlay Defense
Defense Defense Time % Phy DF OF
1 Andreas Englund Ian Mitchell 60 1 1 3
2 T.J Brodie Olli Juolevi 40 1 1 3
Penalty Kill 4 Players Forward
Center Wing Time % Phy DF OF
1 Lucas Wallmark Mark McNeill 60 1 2 2
2 Anton Gustafsson Riley Barber 40 1 2 2
Penalty Kill 4 Players Defense
Defense Defense Time % Phy DF OF
1 Andreas Englund T.J Brodie 60 1 3 1
2 Reilly Walsh Christian Djoos 40 1 3 1
Penalty Kill - 3 Players Forward
Forward Time % Phy DF OF
1 Mark McNeill 60 1 3 1
2 Lucas Wallmark 40 1 3 1
Penalty Kill - 3 Players Defense
Defense Defense Time % Phy DF OF
1 Andreas Englund T.J Brodie 60 1 3 1
2 Reilly Walsh Christian Djoos 40 1 3 1
4 vs 4 Forward
Center Wing Time % Phy DF OF
1 Anton Gustafsson Markus Granlund 60 1 2 2
2 Lucas Wallmark Hunter Shinkaruk 40 1 2 2
4 vs 4 Defense
Defense Defense Time % Phy DF OF
1 Andreas Englund Ian Mitchell 60 1 2 2
2 T.J Brodie Olli Juolevi 40 1 2 2
Last Minutes Offensive
Center Left Wing Right Wing Defense Defense
Anton Gustafsson Markus Granlund Joel Armia T.J Brodie Olli Juolevi
Last Minutes Defensive
Center Left Wing Right Wing Defense Defense
Lucas Wallmark Markus Granlund Mark McNeill Andreas Englund T.J Brodie
Goaltenders
Starting : Tristan Jarry
Backup : Felix Sanstrom
Extra Forwards
Normal : Markus Granlund, Riley Barber, Anton Gustafsson - PP : Mark McNeill, Brett Connolly - PK : Markus Granlund
Extra Defensemen
Normal : Mattias Backman, Reilly Walsh, T.J Brodie - PP : Mattias Backman - PK : Mattias Backman, Reilly Walsh
Penalty Shots
Markus Granlund, Joel Armia, Josh Norris, Anton Gustafsson, Hunter Shinkaruk
Scratches
Alexandre Mallet (Healthy), Carl Dahlstrom (Healthy), Joni Ikonen (Healthy), Filip Chlapik (Healthy), Mark MacMillan (Healthy)
Ryan Olsen (Healthy), Sergei Zborovskiy (Healthy), Stanislav Galiev (Healthy), Troy Bourke (Healthy), Kasper Bjorkqvist (Left Wrist Injury)
Carsen Twarynski (Healthy), Libor Hajek (Healthy), Linus Ullmark (Healthy)
Monsters
5 vs 5 Forward
Center Left Wing Right Wing Time % Phy DF OF
1 Zac Dalpe Justin Bailey Austin Watson 40 1 2 2
2 Jared Knight Jakub Vrana Gerald Mayhew 30 1 2 2
3 Ryan Fitzgerald Joakim Nordstrom Carl Grundstrom 20 1 2 2
4 Maxim Mamin Vladimir Tkachev Daniel Sprong 10 1 2 2
5 vs 5 Defense
Defense Defense Time % Phy DF OF
1 Collin Miller Dillon Heatherington 40 1 2 2
2 Matt Grzelcyk Jesse Graham 30 1 2 2
3 Victor Mete Tarmo Reunanen 20 1 2 2
4 Collin Miller Dillon Heatherington 10 1 2 2
PowerPlay Forward
Center Left Wing Right Wing Time % Phy DF OF
1 Zac Dalpe Justin Bailey Austin Watson 60 1 2 2
2 Jared Knight Jakub Vrana Gerald Mayhew 40 1 2 2
PowerPlay Defense
Defense Defense Time % Phy DF OF
1 Collin Miller Dillon Heatherington 60 1 2 2
2 Matt Grzelcyk Jesse Graham 40 1 2 2
Penalty Kill 4 Players Forward
Center Wing Time % Phy DF OF
1 Zac Dalpe Justin Bailey 60 1 2 2
2 Jared Knight Jakub Vrana 40 1 2 2
Penalty Kill 4 Players Defense
Defense Defense Time % Phy DF OF
1 Collin Miller Dillon Heatherington 60 1 2 2
2 Matt Grzelcyk Jesse Graham 40 1 2 2
Penalty Kill - 3 Players Forward
Forward Time % Phy DF OF
1 Zac Dalpe 60 1 2 2
2 Jared Knight 40 1 2 2
Penalty Kill - 3 Players Defense
Defense Defense Time % Phy DF OF
1 Collin Miller Dillon Heatherington 60 1 2 2
2 Matt Grzelcyk Jesse Graham 40 1 2 2
4 vs 4 Forward
Center Wing Time % Phy DF OF
1 Zac Dalpe Justin Bailey 60 1 2 2
2 Jared Knight Jakub Vrana 40 1 2 2
4 vs 4 Defense
Defense Defense Time % Phy DF OF
1 Collin Miller Dillon Heatherington 60 1 2 2
2 Matt Grzelcyk Jesse Graham 40 1 2 2
Last Minutes Offensive
Center Left Wing Right Wing Defense Defense
Zac Dalpe Justin Bailey Austin Watson Collin Miller Dillon Heatherington
Last Minutes Defensive
Center Left Wing Right Wing Defense Defense
Zac Dalpe Justin Bailey Austin Watson Collin Miller Dillon Heatherington
Goaltenders
Starting : Connor Hellebyuk
Backup : Maxime Lagace
Extra Forwards
Normal : Jared Knight, Joakim Nordstrom, Ryan Fitzgerald - PP : Jared Knight, Joakim Nordstrom - PK : Jared Knight
Extra Defensemen
Normal : Jesse Graham, Victor Mete, Tarmo Reunanen - PP : Jesse Graham - PK : Jesse Graham, Victor Mete
Penalty Shots
Zac Dalpe, Justin Bailey, Austin Watson, Jakub Vrana, Jared Knight
Scratches
Aaron Ness (Healthy), Alex Schoenborn (Healthy), Alexandre Texier (Healthy), Cameron Hughes (Healthy), Francis Perron (Healthy)
Richard Nejezchleb (Healthy), Zachary Senyshyn (Healthy), Marc Michaelis (Healthy), Trevor Moore (Healthy), Nathan Noel (Healthy)
Peyton Jones (Healthy)
% Time on Ice - Admirals
Lines # - Real PCT - Wanted PCT - Time Play
Normal Forward
1 - 35% - 40% - 17:24
2 - 26% - 30% - 13:07
3 - 22% - 20% - 10:53
4 - 16% - 10% - 8:10
Normal Defense
1 - 38% - 40% - 18:40
2 - 32% - 30% - 15:55
3 - 21% - 20% - 10:32
4 - 9% - 10% - 4:27
PP Forward
1 - 57% - 60% - 3:43
2 - 43% - 40% - 2:45
PP Defense
1 - 72% - 60% - 4:39
2 - 28% - 40% - 1:49
PK Forward
1 - 63% - 60% - 2:31
2 - 37% - 40% - 1:27
PK Defense
1 - 71% - 60% - 2:48
2 - 29% - 40% - 1:10
PK3 Forward
1 - 0% - 60%
2 - 0% - 40%
PK3 Defense
1 - 0% - 60%
2 - 0% - 40%
44 Forward
1 - 0% - 60%
2 - 0% - 40%
44 Defense
1 - 0% - 60%
2 - 0% - 40%
Last Minute Offensive - 0:00
Last Minute Defensive - 0:00
Total
Forward - 60:00
Defense - 60:00
|
% Time on Ice - Monsters
Lines # - Real PCT - Wanted PCT - Time Play
Normal Forward
1 - 36% - 40% - 17:43
2 - 28% - 30% - 13:50
3 - 22% - 20% - 10:50
4 - 14% - 10% - 7:11
Normal Defense
1 - 36% - 40% - 18:04
2 - 33% - 30% - 16:36
3 - 27% - 20% - 13:16
4 - 3% - 10% - 1:38
PP Forward
1 - 57% - 60% - 2:16
2 - 43% - 40% - 1:42
PP Defense
1 - 50% - 60% - 1:58
2 - 50% - 40% - 2:00
PK Forward
1 - 81% - 60% - 5:13
2 - 19% - 40% - 1:15
PK Defense
1 - 64% - 60% - 4:10
2 - 36% - 40% - 2:18
PK3 Forward
1 - 0% - 60%
2 - 0% - 40%
PK3 Defense
1 - 0% - 60%
2 - 0% - 40%
44 Forward
1 - 0% - 60%
2 - 0% - 40%
44 Defense
1 - 0% - 60%
2 - 0% - 40%
Last Minute Offensive - 0:00
Last Minute Defensive - 0:00
Total
Forward - 60:00
Defense - 60:00
|
Play-by-Play
1st period
0:01 of 1st period - Zac Dalpe wins face-off versus Josh Norris in neutral zone.
0:08 of 1st period - Wrist shot by Justin Bailey.
0:08 of 1st period - Shot Misses the Net.
0:10 of 1st period - Slapshot by Collin Miller.
0:10 of 1st period - Stopped by Tristan Jarry with a rebound.
0:12 of 1st period - Wrist shot by Austin Watson.
0:12 of 1st period - Shot Misses the Net.
0:14 of 1st period - Slapshot by Justin Bailey.
0:14 of 1st period - Deflect By Austin Watson.
0:14 of 1st period - Stopped by Tristan Jarry with a rebound.
0:16 of 1st period - Slapshot by Collin Miller.
0:16 of 1st period - Shot Misses the Net.
0:36 of 1st period - Slapshot by Joel Armia.
0:36 of 1st period - Stopped by Connor Hellebyuk with a rebound.
0:54 of 1st period - Dillon Heatherington is hit by Kristian Vesalainen and loses puck.
1:15 of 1st period - Snap shot by Jared Knight.
1:15 of 1st period - Stopped by Tristan Jarry with a rebound.
1:17 of 1st period - Slapshot by Dillon Heatherington.
1:17 of 1st period - Stopped by Tristan Jarry with a rebound.
1:21 of 1st period - Slapshot by Jared Knight.
1:21 of 1st period - Stopped by Tristan Jarry without a rebound.
1:22 of 1st period - Ryan Fitzgerald wins face-off versus Josh Norris in Admirals zone.
1:43 of 1st period - Minor Penalty to Josh Norris for Interference.
1:44 of 1st period - Lucas Wallmark wins face-off versus Zac Dalpe in Admirals zone.
3:43 of 1st period - Penalty to Josh Norris is over, Josh Norris is back on ice.
4:00 of 1st period - Snap shot by Riley Barber.
4:00 of 1st period - Deflect By Jesse Graham.
4:00 of 1st period - Shot Misses the Net.
4:00 of 1st period - Puck is out of play.
4:01 of 1st period - Ryan Fitzgerald wins face-off versus Lucas Wallmark in Monsters zone.
4:29 of 1st period - Snap shot by Mark McNeill.
4:29 of 1st period - Stopped by Connor Hellebyuk with a rebound.
4:47 of 1st period - Slapshot by Justin Bailey.
4:47 of 1st period - Shot Blocked by Andreas Englund.
5:17 of 1st period - Off-side.
5:18 of 1st period - Zac Dalpe wins face-off versus Lucas Wallmark in neutral zone.
5:28 of 1st period - Minor Penalty to T.J Brodie for Tripping.
5:29 of 1st period - Zac Dalpe wins face-off versus Lucas Wallmark in Admirals zone.
5:31 of 1st period - Slapshot by Zac Dalpe.
5:31 of 1st period - Shot Hit the Post.
7:28 of 1st period - Penalty to T.J Brodie is over, T.J Brodie is back on ice.
7:30 of 1st period - Josh Wesley is hit by Joakim Nordstrom and loses puck.
7:49 of 1st period - Ryan Fitzgerald is hit by Mark McNeill and loses puck.
7:56 of 1st period - T.J Brodie is hit by Victor Mete and loses puck.
8:41 of 1st period - Matt Grzelcyk is hit by Joel Armia and loses puck.
9:53 of 1st period - Wrist shot by Zac Dalpe.
9:53 of 1st period - Shot Misses the Net.
10:52 of 1st period - Jesse Graham is hit by Joel Armia and loses puck.
11:07 of 1st period - Matt Grzelcyk is hit by Mattias Backman and loses puck.
11:18 of 1st period - Ryan Fitzgerald is hit by Freddie Hamilton and loses puck.
11:45 of 1st period - Wrist shot by Justin Bailey.
11:45 of 1st period - Stopped by Tristan Jarry with a rebound.
11:53 of 1st period - Austin Watson is hit by Anton Gustafsson and loses puck.
12:16 of 1st period - Wrist shot by Jared Knight.
12:16 of 1st period - Stopped by Tristan Jarry with a rebound.
12:56 of 1st period - Dillon Heatherington is hit by Hunter Shinkaruk and loses puck.
13:02 of 1st period - Icing by Jakub Vrana.
13:03 of 1st period - Jared Knight wins face-off versus Anton Gustafsson in Monsters zone.
13:34 of 1st period - Hunter Shinkaruk is hit by Jakub Vrana and loses puck.
13:57 of 1st period - Slapshot by Jared Knight.
13:57 of 1st period - Stopped by Tristan Jarry with a rebound.
13:59 of 1st period - Slapshot by Dillon Heatherington.
13:59 of 1st period - Stopped by Tristan Jarry with a rebound.
14:01 of 1st period - Snap shot by Jakub Vrana.
14:01 of 1st period - Shot Hit the Post.
14:03 of 1st period - Slapshot by Collin Miller.
14:03 of 1st period - Deflect By T.J Brodie.
14:03 of 1st period - Stopped by Tristan Jarry with a rebound.
14:05 of 1st period - Slapshot by Dillon Heatherington.
14:05 of 1st period - Shot Misses the Net.
14:07 of 1st period - Snap shot by Jared Knight.
14:07 of 1st period - Deflect By Jakub Vrana.
14:07 of 1st period - Shot Misses the Net.
14:07 of 1st period - Puck is out of play.
14:08 of 1st period - Josh Norris wins face-off versus Zac Dalpe in Admirals zone.
14:15 of 1st period - Wrist shot by Mark McNeill.
14:15 of 1st period - Deflect By Josh Norris.
14:15 of 1st period - Stopped by Connor Hellebyuk with a rebound.
14:33 of 1st period - Victor Mete is hit by Kristian Vesalainen and loses puck.
14:44 of 1st period - Slapshot by Freddie Hamilton.
14:44 of 1st period - Stopped by Connor Hellebyuk with a rebound.
14:46 of 1st period - Slapshot by Reilly Walsh.
14:46 of 1st period - Stopped by Connor Hellebyuk without a rebound.
14:47 of 1st period - Josh Norris wins face-off versus Ryan Fitzgerald in Monsters zone.
15:47 of 1st period - Snap shot by Freddie Hamilton.
15:47 of 1st period - Shot Blocked by Matt Grzelcyk.
15:49 of 1st period - Slapshot by Andreas Englund.
15:49 of 1st period - Stopped by Connor Hellebyuk with a rebound.
16:01 of 1st period - Snap shot by Joel Armia.
16:01 of 1st period - Shot Misses the Net.
16:23 of 1st period - Snap shot by Brett Connolly.
16:23 of 1st period - Stopped by Connor Hellebyuk with a rebound.
16:32 of 1st period - Minor Penalty to Jesse Graham for Goalie Interference.
16:33 of 1st period - Anton Gustafsson wins face-off versus Jared Knight in Monsters zone.
16:37 of 1st period - Wrist shot by Joel Armia.
16:37 of 1st period - Shot Blocked by Collin Miller.
17:00 of 1st period - Icing by Andreas Englund.
17:01 of 1st period - Josh Norris wins face-off versus Zac Dalpe in Admirals zone.
17:47 of 1st period - Off-side.
17:48 of 1st period - Markus Granlund wins face-off versus Jared Knight in neutral zone.
17:51 of 1st period - Snap shot by Anton Gustafsson.
17:51 of 1st period - Shot Misses the Net.
17:53 of 1st period - Snap shot by Anton Gustafsson.
17:53 of 1st period - Stopped by Connor Hellebyuk with a rebound.
17:55 of 1st period - Slapshot by T.J Brodie.
17:55 of 1st period - Deflect By Markus Granlund.
17:55 of 1st period - Shot Blocked by Dillon Heatherington.
17:55 of 1st period - Puck is out of play.
17:56 of 1st period - Anton Gustafsson wins face-off versus Jared Knight in Monsters zone.
18:21 of 1st period - Dillon Heatherington is hit by Josh Norris and loses puck.
18:32 of 1st period - Penalty to Jesse Graham is over, Jesse Graham is back on ice.
18:46 of 1st period - Wrist shot by Brett Connolly.
18:46 of 1st period - Shot Misses the Net.
18:48 of 1st period - Wrist shot by Lucas Wallmark.
18:48 of 1st period - Admirals goal is going for a video replay.
18:48 of 1st period - The goal is good.
18:48 of 1st period - Goal by Lucas Wallmark - Admirals : 1 - Monsters : 0.
18:49 of 1st period - Josh Norris wins face-off versus Jared Knight in neutral zone.
18:58 of 1st period - Jakub Vrana is hit by Josh Norris.
19:02 of 1st period - Snap shot by Mark McNeill.
19:02 of 1st period - Shot Blocked by Gerald Mayhew.
19:04 of 1st period - Snap shot by Markus Granlund.
19:04 of 1st period - Deflect By Mark McNeill.
19:04 of 1st period - Stopped by Connor Hellebyuk with a rebound.
19:39 of 1st period - Slapshot by Anton Gustafsson.
19:39 of 1st period - Deflect By Joel Armia.
19:39 of 1st period - Shot Blocked by Matt Grzelcyk.
19:39 of 1st period - Puck is out of play.
19:40 of 1st period - Joel Armia wins face-off versus Ryan Fitzgerald in Monsters zone.
19:45 of 1st period - Slapshot by Anton Gustafsson.
19:45 of 1st period - Shot Misses the Net.
19:47 of 1st period - Wrist shot by Anton Gustafsson.
19:47 of 1st period - Stopped by Connor Hellebyuk with a rebound.
19:49 of 1st period - Slapshot by Olli Juolevi.
19:49 of 1st period - Stopped by Connor Hellebyuk without a rebound.
19:50 of 1st period - Josh Norris wins face-off versus Zac Dalpe in Monsters zone.
19:59 of 1st period - Wrist shot by Mark McNeill.
19:59 of 1st period - Stopped by Connor Hellebyuk without a rebound.
Goals for this period are 1 for Admirals vs 0 for Monsters.
Shots for this period are 13 for Admirals vs 10 for Monsters.
2nd period
0:01 of 2nd period - Josh Norris wins face-off versus Zac Dalpe in neutral zone.
0:08 of 2nd period - Mark McNeill is hit by Zac Dalpe and loses puck.
0:37 of 2nd period - Backhand shot by Joel Armia.
0:37 of 2nd period - Shot Blocked by Jared Knight.
0:57 of 2nd period - Slapshot by T.J Brodie.
0:57 of 2nd period - Stopped by Connor Hellebyuk with a rebound.
1:25 of 2nd period - Wrist shot by Maxim Mamin.
1:25 of 2nd period - Shot Blocked by Olli Juolevi.
1:27 of 2nd period - Snap shot by Vladimir Tkachev.
1:27 of 2nd period - Stopped by Tristan Jarry without a rebound.
1:28 of 2nd period - Josh Norris wins face-off versus Maxim Mamin in Admirals zone.
1:35 of 2nd period - Snap shot by Josh Norris.
1:35 of 2nd period - Stopped by Connor Hellebyuk without a rebound.
1:36 of 2nd period - Josh Norris wins face-off versus Zac Dalpe in Monsters zone.
1:45 of 2nd period - Wrist shot by Collin Miller.
1:45 of 2nd period - Shot Blocked by Reilly Walsh.
2:00 of 2nd period - Icing by Mark McNeill.
2:01 of 2nd period - Jared Knight wins face-off versus Anton Gustafsson in Admirals zone.
2:37 of 2nd period - Olli Juolevi is hit by Matt Grzelcyk.
2:53 of 2nd period - Backhand shot by Collin Miller.
2:53 of 2nd period - Stopped by Tristan Jarry with a rebound.
2:55 of 2nd period - Slapshot by Collin Miller.
2:55 of 2nd period - Shot Misses the Net.
2:59 of 2nd period - Slapshot by Maxim Mamin.
2:59 of 2nd period - Shot Blocked by Brett Connolly.
3:01 of 2nd period - Snap shot by Daniel Sprong.
3:01 of 2nd period - Goal by Daniel Sprong - Admirals : 1 - Monsters : 1.
3:02 of 2nd period - Austin Watson wins face-off versus Josh Norris in neutral zone.
3:09 of 2nd period - Wrist shot by Austin Watson.
3:09 of 2nd period - Deflect By Justin Bailey.
3:09 of 2nd period - Shot Blocked by Ian Mitchell.
3:09 of 2nd period - Puck is out of play.
3:10 of 2nd period - Zac Dalpe wins face-off versus Josh Norris in Admirals zone.
3:15 of 2nd period - Wrist shot by Justin Bailey.
3:15 of 2nd period - Stopped by Tristan Jarry without a rebound.
3:16 of 2nd period - Josh Norris wins face-off versus Zac Dalpe in Admirals zone.
3:43 of 2nd period - Slapshot by Lucas Wallmark.
3:43 of 2nd period - Shot Misses the Net.
3:53 of 2nd period - Slapshot by T.J Brodie.
3:53 of 2nd period - Deflect By Brett Connolly.
3:53 of 2nd period - Shot Blocked by Dillon Heatherington.
3:53 of 2nd period - Puck is out of play.
3:54 of 2nd period - Jared Knight wins face-off versus Josh Norris in Monsters zone.
3:54 of 2nd period - Jared Knight is hit by Mark McNeill.
4:02 of 2nd period - Wrist shot by Jared Knight.
4:02 of 2nd period - Stopped by Tristan Jarry without a rebound.
4:03 of 2nd period - Jared Knight wins face-off versus Josh Norris in Admirals zone.
4:06 of 2nd period - Wrist shot by Jakub Vrana.
4:06 of 2nd period - Shot Misses the Net.
4:08 of 2nd period - Slapshot by Matt Grzelcyk.
4:08 of 2nd period - Stopped by Tristan Jarry with a rebound.
4:20 of 2nd period - Wrist shot by Jakub Vrana.
4:20 of 2nd period - Deflect By Gerald Mayhew.
4:20 of 2nd period - Shot Hit the Post.
4:20 of 2nd period - Puck is out of play.
4:21 of 2nd period - Zac Dalpe wins face-off versus Anton Gustafsson in Admirals zone.
4:22 of 2nd period - Wrist shot by Justin Bailey.
4:22 of 2nd period - Shot Blocked by Hunter Shinkaruk.
5:15 of 2nd period - Wrist shot by Maxim Mamin.
5:15 of 2nd period - Stopped by Tristan Jarry with a rebound.
5:17 of 2nd period - Slapshot by Matt Grzelcyk.
5:17 of 2nd period - Shot Blocked by T.J Brodie.
5:21 of 2nd period - Wrist shot by Maxim Mamin.
5:21 of 2nd period - Shot Misses the Net.
5:37 of 2nd period - Snap shot by Joel Armia.
5:37 of 2nd period - Stopped by Connor Hellebyuk without a rebound.
5:38 of 2nd period - Anton Gustafsson wins face-off versus Zac Dalpe in Monsters zone.
5:39 of 2nd period - Snap shot by Joel Armia.
5:39 of 2nd period - Shot Misses the Net.
5:41 of 2nd period - Wrist shot by Hunter Shinkaruk.
5:41 of 2nd period - Stopped by Connor Hellebyuk without a rebound.
5:42 of 2nd period - Zac Dalpe wins face-off versus Anton Gustafsson in Monsters zone.
5:44 of 2nd period - Icing by Justin Bailey.
5:45 of 2nd period - Anton Gustafsson wins face-off versus Justin Bailey in Monsters zone.
5:50 of 2nd period - Slapshot by Joel Armia.
5:50 of 2nd period - Stopped by Connor Hellebyuk with a rebound.
5:52 of 2nd period - Slapshot by Hunter Shinkaruk.
5:52 of 2nd period - Goal by Hunter Shinkaruk - Admirals : 2 - Monsters : 1.
5:53 of 2nd period - Josh Norris wins face-off versus Zac Dalpe in neutral zone.
6:18 of 2nd period - Hunter Shinkaruk is hit by Gerald Mayhew and loses puck.
6:23 of 2nd period - Wrist shot by Jared Knight.
6:23 of 2nd period - Stopped by Tristan Jarry with a rebound.
6:41 of 2nd period - Wrist shot by Ryan Fitzgerald.
6:41 of 2nd period - Stopped by Tristan Jarry without a rebound.
6:42 of 2nd period - Josh Norris wins face-off versus Ryan Fitzgerald in Admirals zone.
7:05 of 2nd period - Matt Grzelcyk is hit by Mattias Backman and loses puck.
7:16 of 2nd period - Wrist shot by Joel Armia.
7:16 of 2nd period - Shot Misses the Net.
7:26 of 2nd period - Nolan Vesey is hit by Austin Watson and loses puck.
7:33 of 2nd period - Matt Grzelcyk is hit by Nolan Vesey and loses puck.
7:46 of 2nd period - Riley Barber is hit by Jakub Vrana and loses puck.
8:04 of 2nd period - Icing by Ian Mitchell.
8:05 of 2nd period - Maxim Mamin wins face-off versus Freddie Hamilton in Admirals zone.
8:22 of 2nd period - Snap shot by Riley Barber.
8:22 of 2nd period - Stopped by Connor Hellebyuk with a rebound.
8:40 of 2nd period - Ryan Fitzgerald is hit by Andreas Englund and loses puck.
8:51 of 2nd period - Snap shot by Freddie Hamilton.
8:51 of 2nd period - Deflect By Ryan Fitzgerald.
8:51 of 2nd period - Shot Misses the Net.
8:51 of 2nd period - Puck is out of play.
8:52 of 2nd period - Gerald Mayhew wins face-off versus Josh Norris in Monsters zone.
8:59 of 2nd period - Wrist shot by Jakub Vrana.
8:59 of 2nd period - Stopped by Tristan Jarry with a rebound.
9:01 of 2nd period - Snap shot by Gerald Mayhew.
9:01 of 2nd period - Stopped by Tristan Jarry with a rebound.
9:03 of 2nd period - Wrist shot by Gerald Mayhew.
9:03 of 2nd period - Stopped by Tristan Jarry with a rebound.
9:05 of 2nd period - Slapshot by Victor Mete.
9:05 of 2nd period - Shot Hit the Post.
9:07 of 2nd period - Snap shot by Jared Knight.
9:07 of 2nd period - Stopped by Tristan Jarry with a rebound.
9:49 of 2nd period - Snap shot by Nolan Vesey.
9:49 of 2nd period - Stopped by Connor Hellebyuk with a rebound.
10:46 of 2nd period - Wrist shot by Riley Barber.
10:46 of 2nd period - Stopped by Connor Hellebyuk with a rebound.
11:18 of 2nd period - Dillon Heatherington is hit by Markus Granlund.
11:40 of 2nd period - Slapshot by T.J Brodie.
11:40 of 2nd period - Shot Blocked by Victor Mete.
11:43 of 2nd period - Icing by Victor Mete.
11:44 of 2nd period - Zac Dalpe wins face-off versus Josh Norris in Monsters zone.
12:15 of 2nd period - Tarmo Reunanen is hit by Andreas Englund and loses puck.
12:19 of 2nd period - Icing by Justin Bailey.
12:20 of 2nd period - Zac Dalpe wins face-off versus Lucas Wallmark in Monsters zone.
12:55 of 2nd period - Jakub Vrana is hit by Markus Granlund.
13:24 of 2nd period - Slapshot by Joel Armia.
13:24 of 2nd period - Stopped by Connor Hellebyuk with a rebound.
13:47 of 2nd period - Minor Penalty to Maxim Mamin for Hooking.
13:48 of 2nd period - Zac Dalpe wins face-off versus Anton Gustafsson in Monsters zone.
13:54 of 2nd period - Snap shot by Zac Dalpe.
13:54 of 2nd period - Stopped by Tristan Jarry with a rebound.
14:02 of 2nd period - Snap shot by Joel Armia.
14:02 of 2nd period - Shot Misses the Net.
15:47 of 2nd period - Penalty to Maxim Mamin is over, Maxim Mamin is back on ice.
16:02 of 2nd period - Snap shot by Vladimir Tkachev.
16:02 of 2nd period - Stopped by Tristan Jarry with a rebound.
17:24 of 2nd period - Snap shot by Maxim Mamin.
17:24 of 2nd period - Stopped by Tristan Jarry with a rebound.
18:29 of 2nd period - Freddie Hamilton is hit by Jakub Vrana and loses puck.
18:38 of 2nd period - Jared Knight is hit by Freddie Hamilton and loses puck.
18:49 of 2nd period - Snap shot by Mark McNeill.
18:49 of 2nd period - Stopped by Connor Hellebyuk without a rebound.
18:50 of 2nd period - Josh Norris wins face-off versus Ryan Fitzgerald in Monsters zone.
18:53 of 2nd period - Wrist shot by Mark McNeill.
18:53 of 2nd period - Stopped by Connor Hellebyuk with a rebound.
18:59 of 2nd period - Snap shot by Markus Granlund.
18:59 of 2nd period - Stopped by Connor Hellebyuk with a rebound.
19:01 of 2nd period - Slapshot by Mark McNeill.
19:01 of 2nd period - Shot Misses the Net.
19:42 of 2nd period - Nolan Vesey is hit by Maxim Mamin and loses puck.
19:53 of 2nd period - Collin Miller is hit by Mattias Backman.
Goals for this period are 1 for Admirals vs 1 for Monsters.
Shots for this period are 13 for Admirals vs 16 for Monsters.
3rd period
0:01 of 3rd period - Justin Bailey wins face-off versus Josh Norris in neutral zone.
0:10 of 3rd period - Slapshot by Collin Miller.
0:10 of 3rd period - Stopped by Tristan Jarry with a rebound.
1:12 of 3rd period - Kristian Vesalainen is hit by Jakub Vrana.
1:32 of 3rd period - Snap shot by Jakub Vrana.
1:32 of 3rd period - Shot Misses the Net.
1:34 of 3rd period - Slapshot by Matt Grzelcyk.
1:34 of 3rd period - Stopped by Tristan Jarry with a rebound.
1:36 of 3rd period - Snap shot by Jakub Vrana.
1:36 of 3rd period - Stopped by Tristan Jarry with a rebound.
1:38 of 3rd period - Slapshot by Jesse Graham.
1:38 of 3rd period - Stopped by Tristan Jarry with a rebound.
1:40 of 3rd period - Slapshot by Jesse Graham.
1:40 of 3rd period - Stopped by Tristan Jarry with a rebound.
1:42 of 3rd period - Slapshot by Jesse Graham.
1:42 of 3rd period - Stopped by Tristan Jarry with a rebound.
1:44 of 3rd period - Wrist shot by Jared Knight.
1:44 of 3rd period - Shot Misses the Net.
1:50 of 3rd period - Slapshot by Jesse Graham.
1:50 of 3rd period - Shot Misses the Net.
1:54 of 3rd period - Slapshot by Jared Knight.
1:54 of 3rd period - Stopped by Tristan Jarry without a rebound.
1:55 of 3rd period - Josh Norris wins face-off versus Austin Watson in Admirals zone.
2:20 of 3rd period - Austin Watson is hit by Andreas Englund.
2:31 of 3rd period - Off-side.
2:32 of 3rd period - Josh Norris wins face-off versus Ryan Fitzgerald in neutral zone.
2:57 of 3rd period - Dillon Heatherington is hit by Anton Gustafsson.
3:22 of 3rd period - Snap shot by Joakim Nordstrom.
3:22 of 3rd period - Stopped by Tristan Jarry without a rebound.
3:23 of 3rd period - Lucas Wallmark wins face-off versus Ryan Fitzgerald in Admirals zone.
3:23 of 3rd period - Lucas Wallmark is hit by Collin Miller.
3:30 of 3rd period - Off-side.
3:31 of 3rd period - Zac Dalpe wins face-off versus Josh Norris in neutral zone.
4:19 of 3rd period - Minor Penalty to Matt Grzelcyk for Hooking.
4:20 of 3rd period - Anton Gustafsson wins face-off versus Zac Dalpe in Monsters zone.
4:50 of 3rd period - Slapshot by Ian Mitchell.
4:50 of 3rd period - Goal by Ian Mitchell - Admirals : 3 - Monsters : 1.
4:51 of 3rd period - Josh Norris wins face-off versus Zac Dalpe in neutral zone.
5:45 of 3rd period - Slapshot by Collin Miller.
5:45 of 3rd period - Shot Misses the Net.
5:47 of 3rd period - Slapshot by Ryan Fitzgerald.
5:47 of 3rd period - Shot Misses the Net.
6:04 of 3rd period - Snap shot by Jesse Graham.
6:04 of 3rd period - Stopped by Tristan Jarry without a rebound.
6:05 of 3rd period - Zac Dalpe wins face-off versus Josh Norris in Admirals zone.
6:16 of 3rd period - Slapshot by Markus Granlund.
6:16 of 3rd period - Stopped by Connor Hellebyuk with a rebound.
6:18 of 3rd period - Backhand shot by Markus Granlund.
6:18 of 3rd period - Stopped by Connor Hellebyuk without a rebound.
6:19 of 3rd period - Zac Dalpe wins face-off versus Josh Norris in Monsters zone.
6:24 of 3rd period - Mark McNeill is hit by Matt Grzelcyk and loses puck.
6:30 of 3rd period - Ian Mitchell is hit by Austin Watson and loses puck.
6:45 of 3rd period - Hunter Shinkaruk is hit by Jakub Vrana and loses puck.
7:01 of 3rd period - Icing by Jesse Graham.
7:02 of 3rd period - Lucas Wallmark wins face-off versus Gerald Mayhew in Monsters zone.
7:15 of 3rd period - Snap shot by Mark McNeill.
7:15 of 3rd period - Shot Misses the Net.
7:21 of 3rd period - Slapshot by Matt Grzelcyk.
7:21 of 3rd period - Stopped by Tristan Jarry with a rebound.
7:23 of 3rd period - Slapshot by Gerald Mayhew.
7:23 of 3rd period - Shot Misses the Net.
7:25 of 3rd period - Snap shot by Jakub Vrana.
7:25 of 3rd period - Stopped by Tristan Jarry without a rebound.
7:26 of 3rd period - Zac Dalpe wins face-off versus Anton Gustafsson in Admirals zone.
8:57 of 3rd period - Wrist shot by Justin Bailey.
8:57 of 3rd period - Stopped by Tristan Jarry with a rebound.
9:03 of 3rd period - Victor Mete is hit by Joel Armia and loses puck.
9:24 of 3rd period - Markus Granlund is hit by Zac Dalpe and loses puck.
9:37 of 3rd period - Snap shot by Austin Watson.
9:37 of 3rd period - Shot Misses the Net.
9:39 of 3rd period - Slapshot by Victor Mete.
9:39 of 3rd period - Deflect By Mark McNeill.
9:39 of 3rd period - Stopped by Tristan Jarry without a rebound.
9:40 of 3rd period - Anton Gustafsson wins face-off versus Jared Knight in Admirals zone.
9:47 of 3rd period - Jakub Vrana is hit by Anton Gustafsson and loses puck.
10:08 of 3rd period - Nolan Vesey is hit by Carl Grundstrom.
10:32 of 3rd period - Wrist shot by Maxim Mamin.
10:32 of 3rd period - Shot Misses the Net.
10:34 of 3rd period - Slapshot by Dillon Heatherington.
10:34 of 3rd period - Shot Misses the Net.
10:36 of 3rd period - Slapshot by Collin Miller.
10:36 of 3rd period - Shot Misses the Net.
10:38 of 3rd period - Slapshot by Collin Miller.
10:38 of 3rd period - Stopped by Tristan Jarry without a rebound.
10:39 of 3rd period - Zac Dalpe wins face-off versus Anton Gustafsson in Admirals zone.
11:20 of 3rd period - T.J Brodie is hit by Jared Knight and loses puck.
11:28 of 3rd period - Icing by Olli Juolevi.
11:29 of 3rd period - Ryan Fitzgerald wins face-off versus Josh Norris in Admirals zone.
11:32 of 3rd period - Snap shot by Zac Dalpe.
11:32 of 3rd period - Goal by Zac Dalpe - Admirals : 3 - Monsters : 2.
11:33 of 3rd period - Zac Dalpe wins face-off versus Josh Norris in neutral zone.
13:08 of 3rd period - Snap shot by Markus Granlund.
13:08 of 3rd period - Deflect By Mark McNeill.
13:08 of 3rd period - Stopped by Connor Hellebyuk with a rebound.
13:18 of 3rd period - Minor Penalty to Austin Watson for Tripping.
13:19 of 3rd period - Zac Dalpe wins face-off versus Anton Gustafsson in Monsters zone.
13:30 of 3rd period - Dillon Heatherington is hit by Ian Mitchell and loses puck.
13:40 of 3rd period - Icing by Markus Granlund.
13:41 of 3rd period - Zac Dalpe wins face-off versus Anton Gustafsson in Admirals zone.
14:09 of 3rd period - Snap shot by Hunter Shinkaruk.
14:09 of 3rd period - Shot Misses the Net.
15:18 of 3rd period - Penalty to Austin Watson is over, Austin Watson is back on ice.
15:33 of 3rd period - Ryan Fitzgerald is hit by T.J Brodie and loses puck.
15:40 of 3rd period - Snap shot by Carl Grundstrom.
15:40 of 3rd period - Stopped by Tristan Jarry without a rebound.
15:41 of 3rd period - Ryan Fitzgerald wins face-off versus Lucas Wallmark in Admirals zone.
15:44 of 3rd period - Snap shot by Joakim Nordstrom.
15:44 of 3rd period - Shot Hit the Post.
15:46 of 3rd period - Slapshot by Tarmo Reunanen.
15:46 of 3rd period - Stopped by Tristan Jarry without a rebound.
15:47 of 3rd period - Brett Connolly wins face-off versus Ryan Fitzgerald in Admirals zone.
15:47 of 3rd period - Brett Connolly is hit by Joakim Nordstrom.
16:23 of 3rd period - Snap shot by Markus Granlund.
16:23 of 3rd period - Shot Misses the Net.
16:25 of 3rd period - Snap shot by Josh Norris.
16:25 of 3rd period - Shot Blocked by Zac Dalpe.
16:55 of 3rd period - Maxim Mamin is hit by Ian Mitchell and loses puck.
17:04 of 3rd period - Wrist shot by Freddie Hamilton.
17:04 of 3rd period - Shot Blocked by Vladimir Tkachev.
17:06 of 3rd period - Snap shot by Freddie Hamilton.
17:06 of 3rd period - Stopped by Connor Hellebyuk without a rebound.
17:07 of 3rd period - Lucas Wallmark wins face-off versus Ryan Fitzgerald in Monsters zone.
17:08 of 3rd period - Snap shot by Brett Connolly.
17:08 of 3rd period - Shot Misses the Net.
17:15 of 3rd period - Icing by Victor Mete.
17:16 of 3rd period - Lucas Wallmark wins face-off versus Ryan Fitzgerald in Monsters zone.
17:23 of 3rd period - Snap shot by Brett Connolly.
17:23 of 3rd period - Shot Blocked by Carl Grundstrom.
17:25 of 3rd period - Snap shot by Nolan Vesey.
17:25 of 3rd period - Stopped by Connor Hellebyuk with a rebound.
17:45 of 3rd period - Slapshot by Joakim Nordstrom.
17:45 of 3rd period - Stopped by Tristan Jarry with a rebound.
18:12 of 3rd period - Snap shot by Nolan Vesey.
18:12 of 3rd period - Stopped by Connor Hellebyuk with a rebound.
18:20 of 3rd period - Slapshot by Nolan Vesey.
18:20 of 3rd period - Goal by Nolan Vesey - Admirals : 4 - Monsters : 2.
18:21 of 3rd period - Zac Dalpe wins face-off versus Josh Norris in neutral zone.
18:24 of 3rd period - Slapshot by Collin Miller.
18:24 of 3rd period - Shot Blocked by Mark McNeill.
18:34 of 3rd period - Snap shot by Justin Bailey.
18:34 of 3rd period - Shot Blocked by Markus Granlund.
18:36 of 3rd period - Wrist shot by Austin Watson.
18:36 of 3rd period - Shot Misses the Net.
19:23 of 3rd period - Mark McNeill is hit by Zac Dalpe.
Goals for this period are 2 for Admirals vs 1 for Monsters.
Shots for this period are 8 for Admirals vs 18 for Monsters.